Map: Hardwire LE

Players

BobbyTables

  • Race: Terran Terran
  • League: Platinum
  • Spawn Location: 1:00

KiltheWabit - Winner!

  • Race: Zerg Zerg
  • League: Platinum
  • Spawn Location: 7:00

VOD

Have the link to the VOD?

Description

Time

  • Played on: July 6, 2022, noon
  • Length: 10:41
Show
View Real Time Build Order
Export as new Build Order

BobbyTables Terran 

Build Orders:  

Get SALT Encoding   

  12  0:00  SCV  
  13  0:13  SCV  
  14  0:21  Supply Depot  
  14  0:25  SCV  
  16  0:42  SCV  
  16  0:49  Barracks  
  16  0:55  SCV  
  17  1:06  Refinery  
  17  1:07  SCV  
  18  1:19  SCV  
  19  1:31  SCV  
  20  1:40  Barracks  
  20  1:43  SCV  
  20  1:44  Marine  
  22  1:48  Refinery  
  22  1:55  SCV  
  23  2:01  Barracks  
  23  2:13  Supply Depot  
  23  2:29  Barracks Reactor  
  23  2:34  Barracks Tech Lab  
  23  2:35  SCV  
  23  2:36  Supply Depot  
  24  2:47  SCV  
  25  2:53  Barracks Reactor  
  25  2:58  Marauder, Supply Depot  
  27  3:07  Command Center  
  27  3:11  Orbital Command  
  27  3:15  Marine  
  28  3:21  Supply Depot  
  28  3:25  Marine  
  28  3:26  Marine  
  29  3:30  Marine  
  30  3:37  Stimpack  
  30  3:44  Marauder, Supply Depot  
  32  4:03  Marine  
  32  4:04  Marine  
  36  4:10  Marauder, Marine x2  
  38  4:18  SCV  
  38  4:21  Marine x2  
  41  4:28  Marine x2  
  41  4:31  SCV, Marine  
  45  4:55  Refinery  
  45  5:02  Marine x5  
  50  5:10  SCV  
  51  5:18  Refinery  
  51  5:20  Marine x4  
  51  5:21  Marauder  
  57  5:22  SCV  
  57  5:28  Factory  
  58  5:34  SCV  
  59  5:46  SCV  
  60  5:56  Marine x3  
  63  5:57  Marine x2  
  63  5:58  SCV  
  66  6:10  SCV  
  67  6:14  Marine x3  
  67  6:16  Marauder  
  69  6:22  SCV  
  52  6:29  Marine  
  52  6:32  Hellion, Marine x2  
  53  6:34  SCV  
  54  6:42  Starport  
  54  6:46  SCV  
  55  6:54  Hellion  
  57  7:05  Marine x3  
  57  7:06  Marine x2  
  62  7:15  Hellion  
  64  7:21  Medivac, Supply Depot  
  66  7:22  Marine  
  66  7:23  Marine x2  
  66  7:24  Marauder, Marine  
  72  7:36  Hellion  
  74  7:40  Marine  
  74  7:41  Marine  
  74  7:44  Supply Depot  
  60  8:47  Marine x4  
  60  8:48  Marine  
  51  8:55  Hellion  
  46  8:57  Medivac  
  48  9:05  Marine x5  
  48  9:06  Factory  
  53  9:16  Hellion  
  55  9:23  Marine x4  
  55  9:24  Marauder  
  61  9:27  Medivac  
  63  9:37  Hellion  
  65  9:40  Marine  
  65  9:41  Marine x3  
  65  9:45  Marauder  
  71  9:50  Engineering Bay  
  71  9:56  Medivac  
  71  9:58  Marine x3  
  71  9:59  Hellion, Marine  
  79  10:06  Marauder  
  78  10:16  Marine x2  
Show
View Real Time Build Order
Export as new Build Order

KiltheWabit Zerg - Winner!

Build Orders: Hatch First 

Get SALT Encoding   

  12  0:02  Drone  
  13  0:12  Overlord  
  13  0:17  Drone  
  14  0:36  Drone x3  
  17  0:56  Hatchery  
  16  1:00  Drone  
  16  1:02  Drone  
  18  1:18  Spawning Pool  
  17  1:26  Drone x2  
  19  1:46  Hatchery  
  18  1:56  Drone x2  
  18  1:57  Drone  
  21  2:03  Extractor  
  21  2:07  Queen  
  22  2:14  Drone  
  23  2:19  Queen  
  25  2:33  Drone x3  
  28  2:43  Overlord  
  28  2:57  Queen  
  30  3:01  Drone  
  30  3:02  Drone x4  
  30  3:03  Drone  
  36  3:10  Metabolic Boost  
  36  3:30  Queen  
  38  3:40  Drone x4  
  42  3:42  Extractor  
  42  3:43  Drone  
  42  3:47  Overlord x2  
  42  3:50  Overlord  
  42  4:12  Drone x7  
  42  4:13  Zergling x8  
  42  4:14  Zergling x2  
  54  4:21  Queen  
  56  4:28  Drone, Extractor  
  56  4:29  Drone x2  
  58  4:35  Lair  
  58  4:39  Burrow  
  58  4:46  Overlord x3  
  57  5:19  Drone x4  
  57  5:20  Drone x3  
  64  5:25  Roach Warren  
  64  5:27  Evolution Chamber  
  62  5:29  Evolution Chamber, Overlord x2  
  56  5:35  Drone x2  
  56  5:36  Drone  
  59  6:01  Zergling x2  
  59  6:02  Zergling x26  
  73  6:05  Hatchery  
  62  6:21  Zergling x2  
  62  6:22  Zergling x6  
  62  6:24  Zerg Melee Weapons Level 1  
  62  6:26  Queen x3  
  67  6:38  Roach x5  
  77  6:40  Glial Reconstitution  
  77  6:43  Drone x2  
  77  6:44  Drone x2  
  77  6:46  Drone x2  
  83  7:08  Queen x3  
  89  7:20  Roach x3  
  89  7:21  Evolution Chamber  
  89  7:22  Ravager  
  95  7:23  Overlord x4  
  95  7:24  Overlord x3  
  95  7:32  Infestation Pit  
  95  7:33  Spore Crawler  
  95  7:34  Spore Crawler  
  95  7:35  Spore Crawler  
  91  7:41  Drone x2  
  93  7:49  Drone x12  
  105  7:59  Spore Crawler  
  104  8:21  Ravager x5  
  104  8:23  Roach x13  
  135  8:30  Extractor  
  135  8:31  Extractor  
  116  8:46  Zergling x16  
  116  8:47  Roach x6  
  121  9:04  Drone x5  
  121  9:07  Hive  
  121  9:08  Tunneling Claws  
  126  9:24  Drone x3  
  126  9:25  Drone x2  
  126  9:28  Overseer  
  131  10:03  Roach x2  
  131  10:04  Roach x8, Zergling x2  
  131  10:05  Overlord x4  
  131  10:06  Overlord x2  
Tags
 
Add a new tag
Caveats
  • Supply blocks, unpowered buildings, or Contaminate may cause inaccurate times.
  • Supply counts are checked every 10 seconds.